 Dungeon Crawl Stone Soup version 0.26-a0-808-g930a2b7adc (webtiles) character file.

Game seed: 6606112834054245418

532 Morbidden the Grave Robber (level 7, 28/50 HPs)
             Began as a Demonspawn Necromancer on Nov 12, 2020.
             Quit the game on level 5 of the Dungeon.
             The game lasted 00:07:57 (5483 turns).

Morbidden the Grave Robber (Demonspawn Necromancer) Turns: 5483, Time: 00:07:58

Health: 28/50      AC:  6    Str:  8    XL:     7   Next: 4%
Magic:  3/14       EV: 10    Int: 19    God:
Gold:   285        SH:  0    Dex: 13    Spells: 11/15 levels left

rFire    . . .     SeeInvis .     - Unarmed
rCold    . . .     Faith    .   (no shield)
rNeg     . . .     Spirit   .   s - +1 ring mail (curse)
rPois    .         Reflect  .   (helmet restricted)
rElec    .         Harm     .   (no cloak)
rCorr    +         Rampage  .   (no gloves)
MR       .....                  (no boots)
Stlth    ..........             (no amulet)
HPRegen  1.16/turn              c - ring of attention (curse)
MPRegen  0.14/turn              k - ring of resist corrosion

@: no status effects
A: antennae 1, claws 2, powered by death 2
a: no special abilities


You were on level 5 of the Dungeon.
You visited 1 branch of the dungeon, and saw 5 of its levels.

You collected 285 gold pieces.

Inventory:

Missiles
 f - 19 poisoned darts (quivered)
 i - a throwing net
 r - 3 boomerangs
Armour
 a - a +0 robe
 g - a +0 helmet
 s - a cursed +1 ring mail (worn)
Jewellery
 c - a cursed ring of attention (left claw)
 k - a ring of resist corrosion (right claw)
Wands
 n - a wand of enslavement (7)
Scrolls
 e - a scroll of amnesia {unknown}
 l - 3 scrolls of enchant weapon
 m - a scroll of enchant armour
 o - a scroll of immolation {unknown}
 p - 4 scrolls of remove curse {unknown}
 q - 2 scrolls of fog {unknown}
 t - 3 scrolls of identify
 u - 2 scrolls of teleportation {unknown}
Potions
 b - a potion of flight {unknown}
 d - a potion of berserk rage {unknown}
 h - 2 potions of attraction {unknown}
 j - 2 potions of magic {unknown}
 v - a potion of lignification {unknown}
 w - 2 potions of brilliance {unknown}
 x - a potion of curing {unknown}


   Skills:
 * Level 2.2 Fighting
 + Level 0.9 Armour
 + Level 2.1 Dodging
 + Level 2.4 Stealth
 * Level 2.2 Unarmed Combat
 * Level 4.9 Spellcasting
 + Level 5.4 Necromancy


You had 11 spell levels left.
You knew the following spells:

 Your Spells              Type           Power        Failure   Level
a - Pain                  Necr           ####         4%          1
b - Vampiric Draining     Necr           ####......   12%         3

Your spell library contained the following spells:

 Spells                   Type           Power        Failure   Level
 Animate Skeleton         Necr           ####..       4%          1
 Animate Dead             Necr           ####......   38%         4
 Agony                    Necr           ####....     75%         5


Dungeon Overview and Level Annotations

Branches:
Dungeon (5/15)
 Temple: D:4-7

Altars:
Ashenzari
Yredelemnul

Annotations:
D:2 Crazy Yiuf


Innate Abilities, Weirdness & Mutations

You have a pair of small antennae on your head.
You have very sharp fingernails.
You regenerate health from kills.


Message History

Press: ? - help, Shift-Dir - straight line, f/p - ogre
Aim: an ogre, wielding a +0 giant club (heavily wounded)
The ogre is almost dead.
You feel life coursing into your body.
The ogre hits you with a +0 giant club!!
Ouch! That really hurt!
Casting: Vampiric Draining (dangerous; 13% risk of failure)
Confirm with . or Enter, or press ? or * to list all spells.
Aiming: Vampiric Draining (dangerous; 13% risk of failure)
Press: ? - help, Shift-Dir - straight line, f/p - ogre
Aim: an ogre, wielding a +0 giant club (almost dead)
You kill the ogre!
You have reached level 7!
Your demonic ancestry asserts itself...
A pair of antennae grows on your head!
Your +0 helmet falls away!
You feel life coursing into your body.
Casting: Vampiric Draining (dangerous; 12% risk of failure)
Confirm with . or Enter, or press ? or * to list all spells.
You can't see any susceptible monsters within range! (Use Z to cast anyway.) Are you sure you want to abandon this character and quit the game? (Confirm with "yes".)

#....# #....+ #....#
.####+#####....#
...............#
...............#
......)........#
...............#
##########....##@##
#...'....'....#).....#
#...#....#....#..##..#
#...##...#....#..# ##
######...#....#...
#...##...#....#..#
#...###'##....#..#
#........#....#..#
#........#....+


There were no monsters in sight!

Vanquished Creatures
  2 ogres
  A scorpion (D:4)
  A centaur skeleton (D:4)
  An iguana (D:4)
  2 worker ants
  10 adders
  A white imp (D:5)
  An ooze (D:1)
  4 worms
  2 leopard geckos
  6 orcs
  7 giant cockroaches
  6 goblins
  7 hobgoblins
  10 jackals
  4 quokkas
  2 ball pythons (D:1)
  4 bats
  11 frilled lizards
  11 kobolds
  A quokka zombie (D:5)
  10 rats
104 creatures vanquished.

Notes
Turn   | Place    | Note
-------+----------+-------------------------------------------
     0 | D:1      | Morbidden the Demonspawn Necromancer began the quest for
                  | the Orb.
     0 | D:1      | Reached XP level 1. HP: 13/13 MP: 3/3
   410 | D:1      | Gained mutation: You regenerate a little health from kills.
                  | [demonic ancestry]
   410 | D:1      | Reached XP level 2. HP: 17/20 MP: 0/5
  1045 | D:2      | Gained mutation: You have sharp fingernails. [demonic
                  | ancestry]
  1045 | D:2      | Reached XP level 3. HP: 25/25 MP: 2/7
  1345 | D:2      | Reached skill level 5 in Necromancy
  1363 | D:2      | Reached skill level 1 in Fighting
  1667 | D:2      | Learned a level 3 spell: Vampiric Draining
  1677 | D:2      | Gained mutation: You regenerate health from kills. [demonic
                  | ancestry]
  1677 | D:2      | Reached XP level 4. HP: 30/32 MP: 4/8
  2242 | D:2      | Found a runed translucent door.
  2243 | D:2      | Noticed Crazy Yiuf
  2794 | D:3      | Gained mutation: You have very sharp fingernails. [demonic
                  | ancestry]
  2794 | D:3      | Reached XP level 5. HP: 33/37 MP: 5/10
  4087 | D:4      | Reached skill level 1 in Unarmed Combat
  4137 | D:4      | Found a basalt altar of Yredelemnul.
  4139 | D:4      | Found a broken altar of Ashenzari.
  4340 | D:4      | Reached XP level 6. HP: 43/44 MP: 5/12
  5284 | D:5      | Entered Level 5 of the Dungeon
  5482 | D:5      | Gained mutation: You have a pair of small antennae on your
                  | head. [demonic ancestry]
  5482 | D:5      | Reached XP level 7. HP: 25/50 MP: 3/14
  5483 | D:5      | Quit the game

Illustrated notes

Levels and vault maps discovered:
D:1:      onia_arrival_handbag, layout_basic, roderic_three_in_a_row,
          minmay_tetromino_s2
D:2:      layout_basic, uniq_crazy_yiuf_cottage
D:3:      layout_basic
D:4:      layout_loops_corners, nicolae_overflow_hidden_temple, minmay_pentangle
D:5:      layout_gridville, kennysheep_mini_moat

Skill      XL: |  1  2  3  4  5  6 |
---------------+-------------------+-----
Spellcasting   | 3 4 |  4.9
Necromancy     | 5 |  5.4
Fighting       | 1 2 |  2.2
Stealth        | 2 |  2.4
Unarmed Combat | 1 2 |  2.2
Dodging        | 2 |  2.1
Armour         | |  0.9

Action                   |  1- 3 |  4- 6 |  7- 9 || total
-------------------------+-------+-------+-------++-------
Melee: Mace              |     1 |       |       ||     1
       Unarmed           |    40 |   134 |       ||   174
       Punch             |       |     1 |       ||     1
Throw: Dart              |    11 |     2 |       ||    13
       Throwing net      |     1 |       |       ||     1
 Cast: Pain              |    63 |    78 |       ||   141
       Vampiric Draining |       |    16 |     1 ||    17
Evoke: Wand              |       |     1 |       ||     1
  Use: Scroll            |     3 |     2 |       ||     5
Armor: Robe              |    24 |     4 |       ||    28
       Ring mail         |       |    40 |       ||    40
Dodge: Dodged            |    51 |    95 |       ||   146

Table legend: (Time is in decaauts)
 A = Elapsed time spent in this place.
 B = Non-inter-level travel time spent in this place.
 C = Inter-level travel time spent in this place.
 D = Time resting spent in this place.
 E = Time spent auto-exploring this place.
 F = Levels seen in this place.
 G = Mean time per level.
                   A        B        C        D        E       F      G
               +--------+--------+--------+--------+--------+-----+--------+
         Total |   5477 |   5354 |    123 |    173 |   4441 |   5 | 1095.4 |
       Dungeon |   5477 |   5354 |    123 |    173 |   4441 |   5 | 1095.4 |
               +--------+--------+--------+--------+--------+-----+--------+

Top non-repeatable levels by time:
     D:4: 1394 daAuts
     D:2: 1348 daAuts
     D:3: 1326 daAuts
     D:1: 1209 daAuts
     D:5: 198 daAuts
